Map: Jagannatha LE

Players

GunGFuBanDa - Winner!

  • Race: Protoss Protoss
  • League: Grandmaster

Krystianer

  • Race: Protoss Protoss
  • League: Grandmaster

Event: DreamHack SC2 Masters 2021 Summer

VOD

Have the link to the VOD?

Description

Time

  • Played on: May 25, 2021, 12:08 p.m.
  • Length: 10:51

All games in this series

Show
View Real Time Build Order
Export as new Build Order

GunGFuBanDa Protoss - Winner!

Build Orders: Oracle Opening 

Get SALT Encoding   

  12  0:00  Probe  
  13  0:12  Probe  
  14  0:17  Pylon  
  14  0:25  Probe (Chrono Boost)  
  16  0:36  Probe (Chrono Boost)  
  16  0:37  Gateway  
  16  0:41  Probe (Chrono Boost)  
  16  0:46  Assimilator  
  17  0:53  Probe (Chrono Boost)  
  17  0:55  Assimilator  
  18  1:05  Probe (Chrono Boost)  
  18  1:09  Gateway  
  19  1:13  Probe (Chrono Boost)  
  20  1:19  Probe  
  21  1:28  Cybernetics Core  
  21  1:31  Probe  
  22  1:35  Pylon  
  22  1:44  Probe  
  23  1:56  Probe  
  24  2:01  Warp Gate (Chrono Boost)  
  24  2:03  Stalker  
  24  2:04  Stalker  
  28  2:14  Pylon  
  28  2:24  Probe  
  29  2:33  Stalker  
  29  2:34  Stalker  
  33  2:45  Probe  
  34  2:56  Nexus  
  33  3:01  Probe  
  34  3:14  Stargate  
  34  3:15  Probe  
  35  3:23  Pylon  
  35  3:27  Probe  
  36  3:39  Probe (Chrono Boost)  
  37  3:42  Sentry  
  37  3:43  Sentry  
  37  3:48  Shield Battery  
  41  3:51  Probe (Chrono Boost)  
  42  3:56  Probe (Chrono Boost)  
  42  3:59  Oracle (Chrono Boost)  
  46  4:05  Probe  
  46  4:09  Probe  
  48  4:15  Twilight Council  
  48  4:18  Probe  
  48  4:21  Probe  
  50  4:30  Probe (Chrono Boost)  
  51  4:33  Probe (Chrono Boost)  
  52  4:41  Oracle  
  52  4:45  Probe (Chrono Boost)  
  57  4:48  Probe (Chrono Boost)  
  57  4:49  Assimilator  
  57  4:51  Probe (Chrono Boost), Pylon  
  58  4:54  Probe (Chrono Boost)  
  58  4:58  Stalker  
  58  4:59  Probe  
  62  5:01  Pylon  
  62  5:07  Forge  
  62  5:08  Blink (Chrono Boost)  
  62  5:09  Probe  
  62  5:11  Probe, Pylon  
  64  5:21  Probe  
  65  5:24  Pylon  
  65  5:27  Probe  
  64  5:33  Probe  
  64  5:34  Nexus  
  65  5:39  Probe  
  65  5:40  Protoss Ground Weapons Level 1 (Chrono Boost)  
  65  5:42  Stalker x2  
  64  6:02  Shield Battery  
  61  6:07  Gateway, Stalker, Sentry  
  61  6:08  Gateway  
  63  6:16  Photon Cannon  
  63  6:26  Probe  
  63  6:27  Probe  
  63  6:30  Robotics Facility  
  63  6:32  Stalker x2  
  69  6:38  Probe  
  69  6:39  Probe  
  71  6:41  Gateway  
  71  6:47  Probe  
  71  6:51  Probe x2, Charge (Chrono Boost)  
  74  6:59  Probe  
  75  7:02  Gateway  
  75  7:03  Probe x2, Gateway  
  77  7:12  Stalker x4  
  83  7:18  Observer (Chrono Boost), Pylon  
  83  7:25  Pylon  
  83  7:26  Pylon  
  83  7:33  Photon Cannon  
  87  7:40  Zealot  
  87  7:41  Zealot x3  
  87  7:42  Gateway, Zealot  
  95  7:52  Templar Archives  
  95  7:57  Zealot  
  89  7:59  Zealot  
  89  8:02  Zealot x5  
  86  8:11  Immortal (Chrono Boost)  
  75  8:24  Zealot x5  
  75  8:29  Zealot  
  72  8:35  Stalker  
  72  8:45  Immortal (Chrono Boost)  
  66  8:58  Zealot x6  
  66  9:02  Probe x3  
  81  9:05  Sentry  
  81  9:07  Zealot  
  85  9:14  Probe, Warp Prism (Chrono Boost)  
  86  9:18  High Templar  
  86  9:19  High Templar  
  86  9:22  Probe, Archon  
  86  9:23  Zealot  
  95  9:28  High Templar  
  95  9:29  High Templar, Zealot  
  101  9:34  Archon  
  101  9:35  Zealot x2  
  104  9:39  Pylon  
  104  9:47  Stalker  
  104  9:51  Zealot x3  
  112  9:55  Zealot  
  112  9:56  Zealot  
  116  10:01  Stalker x2  
  120  10:15  Zealot x4  
  126  10:32  Zealot x4  
  124  10:40  Zealot x4  
Show
View Real Time Build Order
Export as new Build Order

Krystianer Protoss 

Build Orders:  

Get SALT Encoding   

  12  0:00  Probe  
  13  0:12  Probe  
  14  0:18  Pylon  
  14  0:24  Probe (Chrono Boost)  
  15  0:36  Probe (Chrono Boost)  
  15  0:40  Gateway  
  16  0:44  Probe (Chrono Boost)  
  16  0:46  Assimilator  
  17  0:50  Probe  
  18  1:02  Probe (Chrono Boost)  
  19  1:04  Pylon  
  19  1:06  Assimilator  
  19  1:13  Probe (Chrono Boost)  
  19  1:17  Probe (Chrono Boost)  
  21  1:28  Cybernetics Core  
  21  1:29  Probe  
  22  1:33  Zealot  
  24  1:41  Probe  
  25  1:53  Probe  
  26  2:09  Stalker  
  26  2:10  Warp Gate  
  28  2:21  Nexus  
  28  2:29  Pylon  
  28  2:39  Probe, Stalker (Chrono Boost)  
  30  2:49  Robotics Facility  
  30  2:53  Probe  
  31  3:02  Shield Battery  
  31  3:06  Stalker (Chrono Boost)  
  31  3:11  Probe  
  34  3:23  Probe  
  35  3:29  Stalker  
  37  3:36  Probe x2 (Chrono Boost)  
  37  3:39  Shield Battery  
  37  3:47  Probe (Chrono Boost)  
  37  3:48  Probe (Chrono Boost), Observer  
  40  3:52  Probe x2 (Chrono Boost)  
  42  4:02  Probe  
  42  4:03  Probe  
  42  4:06  Twilight Council  
  42  4:08  Forge  
  43  4:14  Stalker  
  43  4:16  Probe  
  46  4:17  Probe  
  46  4:22  Pylon  
  47  4:28  Probe  
  47  4:29  Probe  
  49  4:33  Gateway  
  49  4:39  Assimilator  
  49  4:44  Blink  
  51  4:47  Stalker  
  51  4:51  Immortal (Chrono Boost)  
  51  4:54  Probe  
  51  4:56  Probe  
  57  5:00  Protoss Ground Weapons Level 1  
  57  5:06  Pylon  
  57  5:11  Stalker  
  59  5:14  Probe  
  60  5:26  Probe  
  61  5:30  Probe  
  61  5:34  Stalker  
  61  5:35  Stalker  
  66  5:41  Nexus  
  66  5:46  Probe  
  66  5:49  Probe  
  61  5:58  Probe (Chrono Boost)  
  61  6:01  Probe (Chrono Boost)  
  63  6:08  Pylon  
  63  6:09  Probe (Chrono Boost)  
  63  6:10  Probe (Chrono Boost)  
  65  6:13  Gateway x2  
  65  6:14  Probe (Chrono Boost)  
  65  6:15  Probe (Chrono Boost)  
  67  6:19  Warp Prism (Chrono Boost)  
  67  6:24  Probe  
  69  6:25  Pylon  
  69  6:26  Gateway  
  69  6:27  Probe  
  70  6:36  Probe  
  70  6:37  Gateway  
  70  6:38  Gateway  
  71  6:41  Photon Cannon  
  71  6:44  Sentry  
  73  6:48  Observer (Chrono Boost)  
  73  6:49  Stalker  
  76  6:55  Probe x3  
  76  7:01  Pylon  
  79  7:08  Pylon  
  76  7:09  Probe  
  76  7:12  Stalker x3  
  82  7:17  Stalker  
  82  7:20  Protoss Ground Weapons Level 2 (Chrono Boost)  
  84  7:26  Charge  
  84  7:44  Observer  
  84  7:45  Stalker x6  
  84  7:47  Stalker  
  82  8:10  Stalker x6  
  82  8:11  Stalker  
  72  8:36  Probe  
  71  8:41  Zealot  
  71  8:42  Zealot x6  
  71  8:47  Gateway  
  77  8:54  Probe  
  80  9:01  Templar Archives  
  81  9:02  Zealot  
  81  9:03  Zealot x5  
  81  9:04  Warp Prism (Chrono Boost)  
  92  9:12  Zealot  
  94  9:20  Observer  
  94  9:28  Nexus  
  94  9:37  High Templar  
  94  9:38  High Templar  
  98  9:40  High Templar  
  98  9:42  High Templar  
  98  9:43  Zealot x4  
  98  9:44  Archon  
  98  9:45  Probe x2  
  111  9:50  Archon  
  111  9:58  Probe  
  112  10:01  Probe  
  112  10:04  Pylon  
  111  10:08  Zealot x4  
  117  10:16  Pylon  
  117  10:17  Pylon  
  104  10:29  Zealot x8  
Tags
 
Add a new tag
Caveats
  • Supply blocks, unpowered buildings, or Contaminate may cause inaccurate times.
  • Supply counts are checked every 10 seconds.